 Dungeon Crawl Stone Soup version 0.21.1-1-g345015f (webtiles) character file.

279 inc the Conjurer (level 6, -3/66 HPs)
             Began as a Gnoll Conjurer on June 8, 2018.
             Slain by Iko's ghost (7 damage)
             ... on level 5 of the Dungeon.
             The game lasted 00:06:19 (3222 turns).

inc the Conjurer (Gnoll Conjurer)                   Turns: 3222, Time: 00:06:19

Health: -3/66      AC:  6    Str: 15    XL:     6   Next: 26%
Magic:  2/14       EV: 13    Int: 20    God:
Gold:   166        SH:  0    Dex: 15    Spells: 12/15 levels left

rFire    . . .     SeeInvis .   e - +0 mace
rCold    . . .     Gourm    .   (no shield)
rNeg     . . .     Faith    .   r - +0 ring mail
rPois    .         Spirit   .   (no helmet)
rElec    .         Reflect  .   (no cloak)
rCorr    .         Harm     .   f - +0 pair of gloves
MR       .....                  (no boots)
Stlth    ..........             (no amulet)
HPRegen  0.21/turn              (no ring)
MPRegen  0.14/turn              (no ring)

@: berserking (expiring), very quick
A: distributed training, fangs 1, strong nose
a: no special abilities


You were on level 5 of the Dungeon.
You were not hungry.

You visited 1 branch of the dungeon, and saw 5 of its levels.

You collected 166 gold pieces.

Inventory:

Hand Weapons
 e - a +0 mace (weapon)
Armour
 a - a +0 robe
 f - a +0 pair of gloves (worn)
 r - a +0 ring mail (worn)
 s - a +0 chain mail
Wands
 u - a wand of scattershot (6)
Scrolls
 g - a scroll of enchant armour {unknown}
 h - a scroll of remove curse {unknown}
 i - a scroll of amnesia {unknown}
 k - a scroll of fear {unknown}
 l - a scroll of fog {unknown}
 m - 2 scrolls of identify {unknown}
 n - a scroll of noise {unknown}
 o - a scroll of enchant weapon {unknown}
 p - a scroll of immolation {unknown}
 t - a scroll of teleportation {unknown}
Potions
 d - a potion of resistance {unknown}
 j - 3 potions of haste {unknown}
Books
 b - a book of Conjurations

   Spells                             Type                      Level
   a - Magic Dart                     Conjuration                  1
   b - Searing Ray                    Conjuration                  2
   c - Dazzling Spray                 Conjuration/Hexes            3
   d - Fulminant Prism                Conjuration/Hexes            4
   e - Force Lance                    Conjuration/Translocation    4
   f - Iskenderun's Mystic Blast      Conjuration                  4
Comestibles
 c - 5 rations


   Skills:
 + Level 1.8 Fighting
 + Level 1.8 Short Blades
 + Level 1.8 Long Blades
 + Level 1.8 Axes
 + Level 1.8 Maces & Flails
 + Level 1.8 Polearms
 + Level 1.8 Staves
 + Level 1.8 Slings
 + Level 1.8 Bows
 + Level 1.8 Crossbows
 + Level 1.8 Throwing
 + Level 1.8 Armour
 + Level 4.9 Dodging
 + Level 4.5 Stealth
 + Level 1.8 Shields
 + Level 1.8 Unarmed Combat
 + Level 5.3 Spellcasting
 + Level 7.2 Conjurations
 + Level 1.4 Hexes
 + Level 1.4 Charms
 + Level 1.4 Summonings
 + Level 1.4 Necromancy
 + Level 1.4 Translocations
 + Level 1.4 Transmutations
 + Level 1.4 Fire Magic
 + Level 1.4 Ice Magic
 + Level 1.4 Air Magic
 + Level 1.4 Earth Magic
 + Level 1.4 Poison Magic
 + Level 2.0 Invocations
 + Level 1.8 Evocations


You had 12 spell levels left.
You knew the following spells:

 Your Spells              Type           Power        Failure   Level  Hunger
a - Magic Dart            Conj           ####         1%          1    None
b - Searing Ray           Conj           ####..       1%          2    None


Dungeon Overview and Level Annotations

Branches:
Dungeon (5/15)
 Temple: D:4-7

Altars:
Qazlal
The Shining One

Annotations:
D:3 Grinder
D:4 Eustachio
D:5 Iko's ghost, weakling MiTm


Innate Abilities, Weirdness & Mutations

Your experience applies equally to all skills.
You have very sharp teeth.
Your uncanny sense of smell can sniff out nearby items.


Message History

You thump the jackal!
You kill the jackal!
The jackal closely misses you.
A quokka comes into view.
You barely miss the jackal. The jackal misses you.
A centaur zombie comes into view.
You closely miss the jackal.
The jackal bites you but does no damage.
The jackal bites you.
* * * LOW HITPOINT WARNING * * *
An ice beast comes into view.
You sock the jackal!
You kill the jackal!
Iko's ghost hits you.
* * * LOW HITPOINT WARNING * * *
A centaur comes into view.
You barely miss Iko's ghost.
The centaur shouts!
Iko's ghost hits you!
You die...

###########
#........%.
#..<.......
#.....S....
.
#......a...
...##
#.####.####
......###.#
.# #.W@†.#
# #....####
#.....
#..r..
##.Z..
..#... ∆
.c.Y#..
....#..


You could see an ice beast, a centaur, Iko's ghost, a centaur zombie and a
quokka.

Vanquished Creatures
  Blork the orc (D:4)
  3 worker ants
  4 adders
  An adder skeleton (D:2)
  2 worms
  3 dart slugs
  4 leopard geckos
  An orc (D:3)
  7 bats
  4 giant cockroaches
  9 goblins
  10 hobgoblins
  10 jackals
  A quokka (D:3)
  A ball python (D:3)
  4 frilled lizards
  6 kobolds
  14 rats
85 creatures vanquished.

Notes
Turn   | Place    | Note
-------+----------+-------------------------------------------
     0 | D:1      | inc the Gnoll Conjurer began the quest for the Orb.
     0 | D:1      | Reached XP level 1. HP: 13/13 MP: 6/6
   114 | D:1      | Reached XP level 2. HP: 19/19 MP: 5/7
   535 | D:1      | Reached XP level 3. HP: 25/25 MP: 5/9
   719 | D:2      | Reached skill level 5 in Spellcasting
   801 | D:2      | Reached skill level 1 in Invocations
   883 | D:2      | Reached skill level 1 in Fighting
   883 | D:2      | Reached skill level 1 in Short Blades
   883 | D:2      | Reached skill level 1 in Long Blades
   883 | D:2      | Reached skill level 1 in Axes
   883 | D:2      | Reached skill level 1 in Maces & Flails
   883 | D:2      | Reached skill level 1 in Polearms
   883 | D:2      | Reached skill level 1 in Staves
   883 | D:2      | Reached skill level 1 in Slings
   883 | D:2      | Reached skill level 1 in Bows
   883 | D:2      | Reached skill level 1 in Crossbows
   883 | D:2      | Reached skill level 1 in Throwing
   883 | D:2      | Reached skill level 1 in Armour
   883 | D:2      | Reached skill level 1 in Shields
   883 | D:2      | Reached skill level 1 in Unarmed Combat
   883 | D:2      | Reached skill level 1 in Evocations
   883 | D:2      | Reached XP level 4. HP: 32/32 MP: 7/11
  1041 | D:2      | Found a glowing golden altar of the Shining One.
  1911 | D:2      | Reached skill level 1 in Hexes
  1911 | D:2      | Reached skill level 1 in Charms
  1911 | D:2      | Reached skill level 1 in Summonings
  1911 | D:2      | Reached skill level 1 in Necromancy
  1911 | D:2      | Reached skill level 1 in Translocations
  1911 | D:2      | Reached skill level 1 in Transmutations
  1911 | D:2      | Reached skill level 1 in Fire Magic
  1911 | D:2      | Reached skill level 1 in Ice Magic
  1911 | D:2      | Reached skill level 1 in Air Magic
  1911 | D:2      | Reached skill level 1 in Earth Magic
  1911 | D:2      | Reached skill level 1 in Poison Magic
  2194 | D:3      | Reached XP level 5. HP: 37/37 MP: 7/12
  2246 | D:3      | Found a stormy altar of Qazlal.
  2465 | D:3      | Noticed Grinder
  2479 | D:3      | Learned a level 2 spell: Searing Ray
  2970 | D:4      | Noticed Blork the orc
  2982 | D:4      | Killed Blork the orc
  2982 | D:4      | Reached XP level 6. HP: 44/44 MP: 3/13
  3104 | D:4      | Noticed Eustachio
  3191 | D:5      | Entered Level 5 of the Dungeon
  3214 | D:5      | Noticed Iko's ghost (weakling MiTm)
  3221 | D:5      | Noticed an ice beast
  3222 | D:5      | Slain by Iko's ghost

Skill      XL: |  1  2  3  4  5  6 |
---------------+-------------------+-----
Spellcasting   | 5 |  5.3
Invocations    | 1 2 |  2.0
Fighting       | 1 |  1.8
Short Blades   | 1 |  1.8
Long Blades    | 1 |  1.8
Axes           | 1 |  1.8
Maces & Flails | 1 |  1.8
Polearms       | 1 |  1.8
Staves         | 1 |  1.8
Slings         | 1 |  1.8
Bows           | 1 |  1.8
Crossbows      | 1 |  1.8
Throwing       | 1 |  1.8
Armour         | 1 |  1.8
Shields        | 1 |  1.8
Unarmed Combat | 1 |  1.8
Evocations     | 1 |  1.8
Hexes          | 1 |  1.4
Charms         | 1 |  1.4
Summonings     | 1 |  1.4
Necromancy     | 1 |  1.4
Translocations | 1 |  1.4
Transmutations | 1 |  1.4
Fire Magic     | 1 |  1.4
Ice Magic      | 1 |  1.4
Air Magic      | 1 |  1.4
Earth Magic    | 1 |  1.4
Poison Magic   | 1 |  1.4
Dodging        | |  4.9
Stealth        | |  4.5
Conjurations   | |  7.2

Action                   |  1- 3 |  4- 6 || total
-------------------------+-------+-------++-------
Melee: Unarmed           |     4 |       ||     4
       Mace              |     1 |    31 ||    32
       Bite              |       |     6 ||     6
 Cast: Magic Dart        |    51 |   123 ||   174
       Searing Ray       |       |     5 ||     5
  Use: Potion            |       |     3 ||     3
 Stab: Sleeping          |     1 |       ||     1
  Eat: Chunk             |       |     7 ||     7
Armor: Ring mail         |       |    32 ||    32
Dodge: Dodged            |     6 |    74 ||    80
